 Dungeon Crawl Stone Soup version 0.19.0-24-gb05acd6 (console) character file.

2 Jesseh the Magician (level 1, 0/13 HPs)
             Began as a Demonspawn Wizard on Nov 21, 2016.
             Slain by a jackal (1 damage)
             ... on level 1 of the Dungeon.
             The game lasted 00:02:03 (104 turns).

Jesseh the Magician (Demonspawn Wizard)              Turns: 104, Time: 00:02:03

Health: 0/13       AC:  2    Str:  7    XL:     1   Next: 33%
Magic:  0/4        EV: 12    Int: 19    God:
Gold:   0          SH:  0    Dex: 11    Spells: 1 memorised, 5 levels left

rFire  . . .     SeeInvis .     g - +0 dagger
rCold  . . .     Gourm    .     a - +0 robe
rNeg   . . .     Faith    .     (no shield)
rPois  .         Spirit   .     b - +0 hat
rElec  .         Reflect  .     (no cloak)
rCorr  .         Harm     .     (no gloves)
MR     .....                    (no boots)
Stlth  ++........               (no amulet)
                                (no ring)
                                (no ring)

@: no status effects
A: no striking features
a: no special abilities


You were on level 1 of the Dungeon.
You were not hungry.

You visited 1 branch of the dungeon, and saw 1 of its levels.

Inventory:

Hand Weapons
 g - a +0 dagger (weapon)
   (You took it off a goblin on level 1 of the Dungeon)
Armour
 a - a +0 robe (worn)
 b - a +0 hat (worn)
Jewellery
 h - a +3 ring of intelligence {unknown}
   (You found it on level 1 of the Dungeon)
Scrolls
 e - a scroll of remove curse {unknown}
 i - a scroll of recharging {unknown}
Books
 c - a book of Minor Magic
Comestibles
 d - a bread ration
 f - 3 chunks of flesh


   Skills:
 - Level 1.7 Dodging
 - Level 1.7 Stealth
 + Level 3.1 Spellcasting
 * Level 1.0 Conjurations
   Level 1.0 Summonings
   Level 0.8 Translocations


You had 5 spell levels left.
You knew the following spells:

 Your Spells              Type           Power        Failure   Level  Hunger
a - Magic Dart            Conj           #...         12%         1    None


Dungeon Overview and Level Annotations

Branches:
Dungeon (1/15)

Altars:


Message History

Welcome, Jesseh the Demonspawn Wizard.
The bosom of this dungeon contains the fabled artefact, the Orb of Zot.
Found a staircase leading out of the dungeon.
Currently training: Spellcasting(3), Conjurations(1).
Choose a target skill level: You open the door.
There is an open door here.
e - a scroll labeled MONIGUO POTUSHEDGH As you open the door, it creaks loudly!
You hear a shout!
There is an open door here.
A goblin comes into view. It is wielding a dagger.
The goblin shouts!
Found a short sword.
Found a stone staircase leading down.
Aim: a goblin, wielding a dagger The magic dart hits the goblin.
The goblin misses you.
Aim: a goblin, wielding a dagger (heavily wounded)
The magic dart hits the goblin.
The goblin hits you but does no damage.
Aim: a goblin, wielding a dagger (almost dead)
The magic dart hits the goblin.
You kill the goblin!
Things that are here:
a dagger; a goblin corpse You butcher the goblin corpse.
f - 3 chunks of flesh
Things that are here:
a dagger; a goblin skeleton
g - a dagger Wield which item (- for none, * to show all)? (? for menu, Esc to quit)
g - a +0 dagger (weapon)
A kobold comes into view.
It is wielding a short sword of holy wrath.
The kobold shouts!
Aim: a kobold, wielding a short sword of holy wrath The magic dart hits the kobold.
Aim: a kobold, wielding a short sword of holy wrath (severely wounded)
The magic dart hits the kobold.
You kill the kobold!
h - a ruby ring You see here a short sword of holy wrath.
i - a short sword of holy wrath Wield which item (- for none, * to show all)? (? for menu, Esc to quit)
This weapon is holy and will not allow you to wield it.
Drop what? 9/52 slots (_ for help) (? for menu, Esc to quit)
You drop a short sword of holy wrath.
i - a scroll labeled NONTISOHAOF A kobold comes into view.
It is wielding a short sword.
Aim: a kobold, wielding a short sword (resting)
The magic dart hits the kobold.
The kobold shouts!
The kobold moves out of view.
Aim: a kobold, wielding a short sword The magic dart hits the kobold.
Aim: a kobold, wielding a short sword (severely wounded)
The magic dart hits the kobold.
You kill the kobold!
A dart slug comes into view.
You hit the dart slug but do no damage. You hit the dart slug but do no damage.
The dart slug misses you.
You hit the dart slug but do no damage. The dart slug launches a dart at you.
The slug dart hits you!
You hit the dart slug but do no damage. You hit the dart slug.
The dart slug barely misses you.
You hit the dart slug. The dart slug launches a dart at you.
The slug dart misses you.
You hit the dart slug. The dart slug bites you.
* * * LOW HITPOINT WARNING * * *
A jackal comes into view.
You barely miss the dart slug.
The jackal barks!
You hit the dart slug. The dart slug closely misses you.
You hit the dart slug. The dart slug bites you.
* * * LOW HITPOINT WARNING * * *
2 jackals come into view.
The jackal barks! x2
You hit the dart slug but do no damage. The jackal bites you.
* * * LOW HITPOINT WARNING * * *
The jackal bites you.
* * * LOW HITPOINT WARNING * * *
A jackal and a kobold come into view.
A rat comes into view.
The jackal barely misses you.
Aim: a jackal The magic dart hits the jackal.
The kobold shouts!
The jackal barely misses you. The jackal barely misses you.
The jackal barely misses you.
Aim: a jackal (moderately wounded)
The magic dart hits the jackal.
The jackal barely misses you. x2
The jackal misses you.
The jackal barks!
The jackal barely misses you. The jackal bites you.
* * * LOW HITPOINT WARNING * * *
Aim: a jackal (moderately wounded)
The magic dart hits the jackal.
The jackal misses you. The jackal bites you.
You die...

▒......+...▒.▒.▒.▒▒▒▒▒▒.▒▒▒
▒▒▒▒▒▒'▒.>................▒
▒.▒÷..▒.▒.▒...........
▒.....................
▒........▒▒..▒▒▒▒▒.▒..
▒▒▒.▒▒▒▒▒..▒▒▒.▒▒▒▒▒.▒.▒
.......hh..Kh.......rh..
▒▒▒.▒▒▒h▒...w.h..▒▒▒.▒.▒
▒.▒ ▒6▒...h....▒▒▒.▒.▒ ▒.▒
▒.▒.▒............. ▒.
▒.▒.▒)......▒▒.▒..
▒.▒.▒.▒▒....▒▒.▒.h
▒.▒.▒.▒▒....▒.....
▒.▒.▒.▒▒......▒...
▒.▒...▒▒......▒...
▒.▒.▒▒▒▒......▒...
...........▒.▒...


You could see 3 jackals.

Vanquished Creatures
  A goblin (D:1)
  2 kobolds (D:1)
3 creatures vanquished.

Notes
Turn   | Place    | Note
-------+----------+-------------------------------------------
     0 | D:1      | Jesseh the Demonspawn Wizard began the quest for the Orb.
     0 | D:1      | Reached XP level 1. HP: 13/13 MP: 4/4
    83 | D:1      | HP: 3/13 [jackal (1)]
    83 | D:1      | HP: 1/13 [jackal (2)]
   101 | D:1      | HP: 1/13 [jackal (1)]
   104 | D:1      | Slain by a jackal

Action                   || total
-------------------------++-------
Melee: Dagger            ||    11
 Cast: Magic Dart        ||    11
Dodge: Dodged            ||    14

Vault maps used:
D:1:      ncdulo_smallfort, serial_co_window_serial, co_window_of_opportunity_a,
          co_window_paths_a, co_window_paths_a, co_window_corner_a,
          co_window_corner_a, co_window_of_opportunity_c, co_window_corner_b,
          co_window_broadway_c, co_window_corner_b, co_window_of_opportunity_c,
          co_window_of_opportunity_b, co_window_corner_ca, glass_columns_b,
          glass_columns_b

Table legend:
 A = Turns spent in this place as a percentage of turns spent in the entire game.
 B = Non-inter-level travel turns spent in this place as a percentage of non-inter-level travel turns spent in the entire game.
 C = Inter-level travel turns spent in this place as a percentage of turns spent in this place.
 D = Turns resting spent in this place as a percentage of non-inter-level travel turns spent in this place.
 E = Turns spent auto-exploring this place as a percentage of non-inter-level travel turns spent in this place.
 F = Non-inter-level travel turns spent in this place divided by the number of levels of this place that you've seen.
                   A       B       C       D       E      F
               +-------+-------+-------+-------+-------+----------------------
         Total | 100.0 | 100.0 |   0.0 |   0.0 |   9.7 |  62.0
       Dungeon | 100.0 | 100.0 |   0.0 |   0.0 |   9.7 |  62.0
               +-------+-------+-------+-------+-------+----------------------

Table legend:
 A = Kills in this place as a percentage of kills in entire the game.
 B = Kills by you in this place as a percentage of kills by you in the entire game.
 C = Kills by friends in this place as a percentage of kills by friends in the entire game.
 D = Other kills in this place as a percentage of other kills in the entire game.
 E = Experience gained in this place as a percentage of experience gained in the entire game.
 F = Experience gained in this place divided by the number of levels of this place that you have seen.
                   A       B       C       D       E      F
               +-------+-------+-------+-------+-------+----------------------
         Total | 100.0 | 100.0 |  -nan |  -nan | 100.0 |   4.0
       Dungeon | 100.0 | 100.0 |  -nan |  -nan | 100.0 |   4.0
               +-------+-------+-------+-------+-------+----------------------
